 Dungeon Sprint DCSS version 0.20-a0-1124-g2e29d97 (webtiles) character file.

136 potatolord6000 the Fighter (level 5, 0/66 HPs)
             Began as an Ogre Berserker on May 15, 2017.
             Was an Elder of Trog.
             Slain by a two-headed ogre
             ... wielding a cursed -1 giant club
              (31 damage)
             ... in the Dungeon (Sprint IX: "|||||||||||||||||||||||||||||").
             The game lasted 00:01:21 (364 turns).

potatolord6000 the Fighter (Ogre Berserker)          Turns: 364, Time: 00:01:22

Health: 0/66       AC:  3    Str: 22    XL:     5   Next: 19%
Magic:  5/5        EV: 14    Int:  8    God:    Trog [****..]
Gold:   0          SH:  0    Dex: 11    Spells: 4/4 levels left

rFire    . . .     SeeInvis .   m - +2 dire flail (crush)
rCold    . . .     Gourm    .   (shield currently unavailable)
rNeg     . . .     Faith    .   b - +0 animal skin
rPois    .         Spirit   .   (helmet restricted)
rElec    .         Reflect  .   (no cloak)
rCorr    .         Harm     .   (gloves unavailable)
MR       .....     NoTele   +   (boots unavailable)
Stlth    +.........             (no amulet)
Regen    0.3/turn               a - +3 ring of dexterity
MPRegen  0.1/turn               n - +2 ring of evasion

@: no status effects
A: unfitting armour, tough skin 1
a: Berserk, Trog's Hand, Brothers in Arms, Burn Spellbooks, Renounce Religion


You were in the Dungeon.
You worshipped Trog.
Trog was greatly pleased with you.
You were not hungry.

You visited 1 branch

Inventory:

Hand Weapons
 m - a +2 dire flail of crushing (weapon)
Armour
 b - a +0 animal skin (worn)
Jewellery
 a - a +3 ring of dexterity (left hand)
 n - a +2 ring of evasion (right hand)
Wands
 l - a wand of iceblast (7/15)
Scrolls
 i - 2 scrolls of blinking
 k - 3 scrolls of remove curse
Potions
 d - 5 potions of curing
 e - 3 potions of heal wounds
 f - a potion of haste
 g - 4 potions of magic
 h - a potion of berserk rage
 j - a potion of invisibility
Comestibles
 c - a bread ration


   Skills:
 + Level 8.5 Fighting
 + Level 5.8 Maces & Flails
 + Level 5.9 Dodging


You had 4 spell levels left.
You didn't know any spells.

Dungeon Overview and Level Annotations

Branches:
Dungeon (1/1)

Altars:
Cheibriados
Dithmenos
Elyvilon
Fedhas
Gozag
Hepliaklqana
Kikubaaqudgha
Makhleb
Nemelex Xobeh
Okawaru
Qazlal
Ru
Sif Muna
Trog
Uskayaw
Vehumet
Wu Jian
Xom
Yredelemnul
Zin
The Shining One
Beogh
Jiyva
Lugonu


Innate Abilities, Weirdness & Mutations

You are too large for most types of armour.
You have tough skin. (AC +1)


Message History

The gnoll sergeant hits you from afar with a spear.
The gnoll sergeant hits you with a spear.
There is an open door to the Dungeon here.
You see here a quokka corpse.
You barely miss the gnoll sergeant.
The gnoll sergeant hits you with a spear.
You puncture the gnoll sergeant!
The gnoll sergeant is heavily wounded.
You puncture the two-headed ogre!
The two-headed ogre is moderately wounded.
The gnoll sergeant completely misses you.
You hit the two-headed ogre.
The two-headed ogre is heavily wounded.
The two-headed ogre hits you with a giant club!!
The two-headed ogre barely misses you. The gnoll sergeant misses you.
You puncture the two-headed ogre!
The two-headed ogre is severely wounded.
The gnoll sergeant hits you from afar with a spear!
The two-headed ogre hits you with a giant club!!
You die... ▓▓▓▓▓▓▓▓▓▓▓▓▓▓▓▓▓▓▓▓▓▓▓▓ ______'.?|)[[[..@OgyZY.+ ▓▓▓▓▓▓▓▓▓▓▓▓▓▓▓▓▓▓▓▓▓▓▓▓

You could see a two-headed ogre, an ice beast, a gnoll sergeant, a killer bee and a giant cockroach zombie.

Vanquished Creatures
  A centaur (D)
  A hound (D)
  An adder (D)
  A shadow imp (D)
  An adder zombie (D)
  A leopard gecko (D)
  2 bats (D)
  A quokka (D)
  A ball python (D)
  A rat (D)
11 creatures vanquished.

Notes
Turn   | Place    | Note
-------+----------+-------------------------------------------
     0 | D        | potatolord6000 the Ogre Berserker began the quest for the Orb.
     0 | D        | Reached XP level 1. HP: 24/24 MP: 1/1
    17 | D        | Reached ** piety under Trog
   163 | D        | Noticed a hound
   163 | D        | Noticed a centaur
   168 | D        | Reached skill level 5 in Fighting
   168 | D        | Reached XP level 2. HP: 29/35 MP: 2/2
   170 | D        | Reached *** piety under Trog
   176 | D        | Reached skill level 6 in Fighting
   176 | D        | Reached XP level 3. HP: 42/45 MP: 3/3
   179 | D        | Killed a centaur
   179 | D        | Reached skill level 8 in Fighting
   179 | D        | Reached skill level 5 in Maces & Flails
   179 | D        | Reached skill level 5 in Dodging
   179 | D        | Reached XP level 4. HP: 45/58 MP: 4/4
   179 | D        | Reached XP level 5. HP: 51/65 MP: 5/5
   189 | D        | Found a roughly hewn altar of Beogh.
   189 | D        | Found a snail-covered altar of Cheibriados.
   189 | D        | Found a shadowy altar of Dithmenos.
   189 | D        | Found a white marble altar of Elyvilon.
   189 | D        | Found a blossoming altar of Fedhas.
   189 | D        | Found an opulent altar of Gozag.
   190 | D        | Found a hazy altar of Hepliaklqana.
   191 | D        | Found a viscous altar of Jiyva.
   192 | D        | Found an ancient bone altar of Kikubaaqudgha.
   193 | D        | Found a corrupted altar of Lugonu.
   194 | D        | Found a burning altar of Makhleb.
   195 | D        | Found a sparkling altar of Nemelex Xobeh.
   196 | D        | Found an iron altar of Okawaru.
   197 | D        | Found a stormy altar of Qazlal.
   198 | D        | Found a sacrificial altar of Ru.
   199 | D        | Found a deep blue altar of Sif Muna.
   200 | D        | Found a bloodstained altar of Trog.
   201 | D        | Found a hide-covered altar of Uskayaw.
   202 | D        | Found a radiant altar of Vehumet.
   203 | D        | Found an ornate altar of the Wu Jian Council.
   204 | D        | Found a shimmering altar of Xom.
   205 | D        | Found a basalt altar of Yredelemnul.
   206 | D        | Found a glowing silver altar of Zin.
   207 | D        | Found a glowing golden altar of the Shining One.
   356 | D        | Noticed a two-headed ogre
   356 | D        | Noticed an ice beast
   358 | D        | Reached **** piety under Trog
   364 | D        | Slain by a two-headed ogre

Vault maps used:
D:        linesprint

Skill      XL: |  1  2  3 |
---------------+----------+-----
Maces & Flails | 3 4 5 |  5.8
Dodging        | 3 4 5 |  5.9
Fighting       | 5 6 8 |  8.5

Action                   |  1- 3 |  4- 6 || total
-------------------------+-------+-------++-------
Melee: Mace              |    33 |     3 ||    36
       Dire flail        |       |     7 ||     7
Invok: Berserk           |     1 |       ||     1
Armor: Animal skin       |     8 |     1 ||     9
Dodge: Dodged            |    20 |     5 ||    25
